 Dungeon Crawl Stone Soup version 0.17-a0-1914-gde4187c (webtiles) character file.

40 Kolbur the Chiller (level 3, -2/24 HPs)
             Began as a Merfolk Ice Elementalist on Sept 26, 2015.
             Slain by a worker ant (8 damage)
             ... on level 4 of the Dungeon.
             The game lasted 00:10:21 (794 turns).

Kolbur the Chiller (Merfolk Ice Elementalist)        Turns: 794, Time: 00:10:21

Health: -2/24      AC:  2    Str:  9    XL:     3   Next: 50%
Magic:  0/6        EV: 13    Int: 14    God:
Gold:   88         SH:  0    Dex: 14    Spells: 1 memorised, 5 levels left

rFire  . . .     SeeInvis .     d - +2 dagger (speed)
rCold  . . .     Clarity  .     a - +0 robe
rNeg   . . .     SustAt   .     (no shield)
rPois  .         Gourm    .     (no helmet)
rElec  .         Spirit   .     (no cloak)
rCorr  .         Warding  .     (no gloves)
rMut   .         Stasis   .     (no boots)
MR     .....                    (no amulet)
Stlth  ++........               (no ring)
                                (no ring)

@: not resistant to hostile enchantments, unstealthy
A: change form in water, swift swim
a: no special abilities


You were on level 4 of the Dungeon.
You were not hungry.

You visited 1 branch of the dungeon, and saw 4 of its levels.

You collected 88 gold pieces.

Inventory:

Hand weapons
 d - a +2 dagger of speed (weapon)
 k - a +0 spear
Missiles
 e - 6 tomahawks (quivered)
 f - 9 poisoned needles
Armour
 a - a +0 robe (worn)
 h - a quicksilver dragon hide
Scrolls
 g - a scroll of teleportation
 j - a scroll of identify {unknown}
 l - a scroll of random uselessness {unknown}
Potions
 i - a potion of haste {unknown}
Books
 b - a book of Frost

   Spells                             Type                      Level
   a - Freeze                         Ice                          1
   b - Throw Frost                    Conjuration/Ice              2
   c - Ozocubu's Armour               Charms/Ice                   3
   d - Throw Icicle                   Conjuration/Ice              4
   e - Summon Ice Beast               Ice/Summoning                4
   f - Condensation Shield            Ice                          4
Comestibles
 c - 2 bread rations
 m - a slice of pizza


   Skills:
 - Level 2.6 Dodging
 - Level 2.1 Stealth
 - Level 2.0 Spellcasting
   Level 0.7 Conjurations
 + Level 4.9 Ice Magic


You had 5 spell levels left.
You knew the following spells:

 Your Spells              Type           Power        Failure   Level  Hunger
a - Freeze                Ice            ###.         3%          1    ##.....


Dungeon Overview and Level Annotations

Branches:
Dungeon (4/15)
 Temple: D:4-7

Altars:


Message History

The worker ant is heavily wounded.
The worker ant closely misses you.
Unknown command.
Throwing (i - inventory):
e - 6 tomahawks (quivered)
Press: ? - help, Shift-Dir - straight line, f/p - worker ant
Aim: a worker ant (heavily wounded)
Okay, then.
You hit the worker ant.
The worker ant is heavily wounded.
The worker ant bites you.
* * * LOW HITPOINT WARNING * * *
You hit the worker ant.
The worker ant is severely wounded.
The worker ant barely misses you.
You barely miss the worker ant.
The worker ant is severely wounded.
The shadow imp closely misses you.
The worker ant waves its antennae.
The worker ant bites you!
You die...

#...........##
#.............
#.............
#.............
#...<.......[.
#.............
##............
#.5..........
#@a..........
#####..#####.
#..# ..## #..#
.... .....
..... .......


You could see a worker ant and a shadow imp.

Vanquished Creatures
  3 oozes
  2 giant geckos
  4 orcs (D:3)
  3 bats
  2 hobgoblins
  3 kobolds
  2 giant newts
  2 goblins (D:2)
  2 rats
23 creatures vanquished.

Notes
Turn   | Place    | Note
--------------------------------------------------------------
     0 | D:1      | Kolbur the Merfolk Ice Elementalist began the quest for the Orb.
     0 | D:1      | Reached XP level 1. HP: 13/13 MP: 3/3
    76 | D:2      | Reached XP level 2. HP: 10/19 MP: 1/5
   171 | D:1      | Reached skill level 4 in Ice Magic
   677 | D:3      | Reached XP level 3. HP: 18/24 MP: 3/6
   794 | D:4      | Slain by a worker ant

Vault maps used:
D:1:      onia_arrival_handbag, kennysheep_nondescript, nrook_mini_backslash
D:3:      first_bread

Action                   || total
-------------------------++-------
Melee: Dagger            ||    18
       Spear             ||     2
Throw: Tomahawk          ||     2
 Cast: Freeze            ||    38
  Use: Scroll            ||     3
 Stab: Sleeping          ||     3

Vault maps used:
D:1:      onia_arrival_handbag, kennysheep_nondescript, nrook_mini_backslash
D:3:      first_bread

Table legend:
 A = Turns spent in this place as a percentage of turns spent in the entire game.
 B = Non-inter-level travel turns spent in this place as a percentage of non-inter-level travel turns spent in the entire game.
 C = Inter-level travel turns spent in this place as a percentage of turns spent in this place.
 D = Turns resting spent in this place as a percentage of non-inter-level travel turns spent in this place.
 E = Turns spent auto-exploring this place as a percentage of non-inter-level travel turns spent in this place.
 F = Non-inter-level travel turns spent in this place divided by the number of levels of this place that you've seen.
                   A       B       C       D       E      F
               +-------+-------+-------+-------+-------+----------------------
         Total | 100.0 | 100.0 |   0.7 |   0.0 |   0.0 | 145.8
       Dungeon | 100.0 | 100.0 |   0.7 |   0.0 |   0.0 | 145.8
               +-------+-------+-------+-------+-------+----------------------
